 Dungeon Crawl Stone Soup version 0.31-a0-963-ga325b2283a (webtiles) character file.

Game seed: 2359761961323635401

1729 Arcadio the Frost Mage (level 9, -2/62 HPs)
             Began as a Ghoul Ice Elementalist on Oct 24, 2023.
             Was a Priest of Makhleb.
             Incinerated by a smoke demon (6 damage)
             ... with a sticky flame
             ... on level 6 of the Dungeon.
             The game lasted 00:25:58 (6973 turns).

Arcadio the Frost Mage (Ghoul Ice Elementalist)     Turns: 6973, Time: 00:25:59

Health: -2/62      AC:  2    Str: 12    XL:     9   Next: 5%
Magic:  16/16      EV: 13    Int: 14    God:    Makhleb [***...]
Gold:   287        SH:  0    Dex:  9    Spells: 1/19 levels left

rFire   . . .        r - +0 war axe (flame)
rCold   + . .        (no shield)
rNeg    + + +        a - +0 robe
rPois   ∞            e - +0 hat
rElec   .            (no cloak)
rCorr   .            (no gloves)
SInv    .            (no boots)
Will    .....        (no amulet)
Stlth   +            f - ring of flight
HPRegen 0.00/turn    (no ring)
MPRegen 0.15/turn

%: no passive effects
@: on fire, flying, inhibited regen, glowing
A: claws 1, cold resistance 1, negative energy resistance 3, inhibited
regeneration, torment resistance 2, devour on kill
a: Renounce Religion, Minor Destruction, Lesser Servant of Makhleb


You were on level 6 of the Dungeon.
You worshipped Makhleb.
Makhleb was most pleased with you.
You visited 1 branch of the dungeon, and saw 6 of its levels.

You collected 287 gold pieces.

Inventory:

Hand Weapons
 d - a +0 dagger of venom
 r - a +0 war axe of flaming (weapon)
Missiles
 c - a throwing net
 x - 3 curare-tipped darts (quivered)
Armour
 a - a +0 robe (worn)
 e - a +0 hat (worn)
 F - the +0 ring mail "Burobywn" {*Slow rPois Str-5 Stlth+}
   (You found it on level 5 of the Dungeon)

   Str-5:     It affects your strength (-5).
   rPois:     It protects you from poison *Slow: It may slow you when you take
   damage.
   Stlth+:    It makes you more stealthy.
Jewellery
 f - a ring of flight (left claw)
 v - a ring of protection from fire
 w - an amulet of faith
Wands
 h - a wand of polymorph (9)
 t - a wand of iceblast (13)
Scrolls
 i - 2 scrolls of fog {unknown}
 l - 2 scrolls of enchant armour {unknown}
 m - 4 scrolls of amnesia {unknown}
 n - a scroll of fear {unknown}
 p - a scroll of blinking {unknown}
 u - 2 scrolls of noise {unknown}
 y - 2 scrolls of torment {unknown}
 z - a scroll of teleportation
 B - a scroll of vulnerability {unknown}
 E - a scroll of brand weapon {unknown}
Potions
 b - a potion of magic
 j - 3 potions of lignification
 k - a potion of mutation
 q - a potion of attraction {unknown}
 s - a potion of enlightenment {unknown}
 A - a potion of experience {unknown}
 C - a potion of degeneration {unknown}
 D - a potion of ambrosia {unknown}


   Skills:
 + Level 6.2 Dodging
 - Level 2.1 Stealth
 + Level 5.6 Spellcasting
 + Level 8.3 Ice Magic


You had one spell level left.
You knew the following spells:

 Your Spells              Type           Power      Damage    Failure   Level
a - Freeze                Ice            100%       1d10      1%          1
b - Frozen Ramparts       Ice            54%        1d9       1%          3
c - Ozocubu's Armour      Ice            27%        N/A       1%          3
d - Summon Ice Beast      Ice/Summ       15%        N/A       28%         4
e - Ozocubu's Refrigerat  Ice            13%        4d10      99%         7

Your spell library contained the following spells:

 Spells                   Type           Power      Damage    Failure   Level
 Magic Dart               Conj           12%        1d3       17%         1
 Sandblast                Erth           6%         2d5       17%         1
 Call Imp                 Summ           6%         N/A       26%         2
 Passwall                 Tmut/Erth      2%         N/A       26%         2
 Mephitic Cloud           Conj/Pois/Air  3%         N/A       45%         3
 Stone Arrow              Conj/Erth      6%         3d7       45%         3
 Brom's Barrelling Bould  Conj/Erth      3%         2d3       86%         4


Dungeon Overview and Level Annotations

Branches:
Dungeon (6/15) Zot: 25746
 Temple: D:4-7

Altars:
Makhleb

Shops:
D:1 [

Annotations:
D:3 2 transporters, DEFE's ghost, amateur DsFi


Innate Abilities, Weirdness & Mutations

You are immune to poison.
You have sharp fingernails.
Your flesh is cold resistant. (rC+)
You are immune to negative energy. (rN+++)
You do not regenerate when monsters are visible.
You are immune to unholy pain and torment.
You thrive by killing the living.


Message History

You barely miss the ufetubus.
The ufetubus completely resists.
The wall freezes the ufetubus but does no damage.
The ufetubus slips past you! The ufetubus barely misses you.
The ufetubus hits you.
The ufetubus resists.
The wall freezes the ufetubus.
The ufetubus closely misses you. The ufetubus hits you.
You slash the ufetubus! You burn the ufetubus.
You kill the ufetubus!
Makhleb accepts your kill.
You feel better.
The frozen ramparts melt away.
An ogre is nearby!
The ogre shouts!
Aiming: Minor Destruction (21% risk of failure)
Press: ? - help, Shift-Dir - straight line, f - ogre
Aim: an ogre, wielding a +0 giant club The glob of acid hits the ogre!
The ogre is moderately wounded.
A demon appears!
It doesn't seem very happy.
The smoke demon gestures at you. Makhleb smites you!
The ogre attacks as it pursues you! The ogre closely misses you.
Okay, then.
Okay, then.
Okay, then.
Okay, then.
The air fills with toxic fumes!
As you read the scroll of poison, it crumbles to dust.
The smoke demon attacks as it pursues you!
The smoke demon hits you!
* * * LOW HITPOINT WARNING * * *
The smoke demon closely misses you. The smoke demon barely misses you.
The smoke demon gestures at you. The sticky flame hits you.
You are covered in liquid flames!
* * * LOW HITPOINT WARNING * * *
Okay, then.
Okay, then.
You are covered in liquid flames!
You die...

..... #....§§§§§§§......## ....##
...##.§§§§§§§.......# #....
.###.. ##§§§§§§§........ ...
...#. ###§§§§§§§........
#.......###...##§§§§§§§§§......##
..........#.§§#§§§§§§§§§§......##
............#§§§§§§3§§§§§........
............#§§§§§§O..§§§........
............§§§§@§§§§§§§§.......#
..........#.§§§§##§§##§§§........
........)###§§§###§§###.§........
...)........§.....§§#............
#.....##)#.#......§§§.....###..#.
.....##..#.#......##§..#.####.##.
.....###..........#.§..#.###..#..
.#..........<.##.................
###..#..#......#...##..##........


You could see a smoke demon (summoned) and an ogre.

Vanquished Creatures
  Grinder (D:4)
  Menkaure (D:4)
  An ice beast (D:6)
  An ogre (D:5)
  A centaur (D:6)
  2 phantoms
  A bullfrog (D:6)
  Blork the orc (D:4)
  4 scorpions
  4 hounds
  3 jellies
  2 orc priests
  3 iguanas
  2 orc wizards (D:6)
  Ijyb (D:3)
  Robin (D:3)
  5 adders
  3 gnolls (D:5)
  4 ufetubi (D:6)
  4 worms
  4 dart slugs
  10 orcs
  6 bats
  6 endoplasms
  A giant cockroach (D:3)
  17 goblins
  8 hobgoblins
  12 kobolds
  3 quokkas
  16 ball pythons
  3 frilled lizards
  3 rats
134 creatures vanquished.

Notes
Turn   | Place    | Note
-------+----------+-------------------------------------------
     0 | D:1      | Arcadio the Ghoul Ice Elementalist began the quest for the
                  | Orb.
     0 | D:1      | Reached XP level 1. HP: 14/14 MP: 2/2
     6 | D:1      | Noticed a hog
     6 | D:1      | Noticed a salamander
     6 | D:1      | Noticed a komodo dragon
     6 | D:1      | Noticed a scorpion
   194 | D:1      | Reached XP level 2. HP: 15/20 MP: 1/3
   450 | D:1      | Reached XP level 3. HP: 25/26 MP: 0/5
   457 | D:1      | Learned a level 3 spell: Frozen Ramparts
   965 | D:1      | Found Evvaemni's Armour Shoppe.
  1370 | D:2      | Found a faded altar of an unknown god.
  1543 | D:2      | Prayed at the altar of an unknown god.
  1543 | D:2      | Became a worshipper of Makhleb the Destroyer
  1543 | D:2      | Reached * piety under Makhleb
  1868 | D:2      | Reached XP level 4. HP: 30/33 MP: 6/6
  1870 | D:2      | Reached skill level 5 in Ice Magic
  1967 | D:2      | Learned a level 3 spell: Ozocubu's Armour
  2475 | D:3      | Noticed Robin
  2487 | D:3      | Killed Robin
  2543 | D:3      | Noticed DEFE's ghost (amateur DsFi)
  2555 | D:3      | Found a transporter.
  2632 | D:3      | Found a transporter.
  3074 | D:3      | Reached XP level 5. HP: 38/38 MP: 5/8
  3080 | D:3      | Reached ** piety under Makhleb
  3106 | D:3      | Noticed Ijyb
  3115 | D:3      | Killed Ijyb
  3330 | D:4      | Noticed Grinder
  4023 | D:4      | Reached XP level 6. HP: 44/45 MP: 9/9
  4084 | D:4      | Paralysed by Grinder for 2 turns
  4092 | D:4      | Paralysed by Grinder for 3 turns
  4102 | D:4      | Killed Grinder
  4103 | D:4      | Reached skill level 6 in Ice Magic
  4329 | D:4      | Noticed Blork the orc
  4333 | D:4      | Noticed Menkaure
  4341 | D:4      | Killed Blork the orc
  4342 | D:4      | Reached XP level 7. HP: 50/50 MP: 11/11
  4370 | D:4      | Killed Menkaure
  4409 | D:5      | Entered Level 5 of the Dungeon
  4861 | D:5      | Reached skill level 5 in Dodging
  4861 | D:5      | Reached skill level 7 in Ice Magic
  4861 | D:5      | Reached XP level 8. HP: 57/57 MP: 13/13
  5215 | D:5      | Identified the +0 ring mail "Burobywn" {*Slow rPois Str-5
                  | Stlth+}
  5786 | D:6      | Reached skill level 5 in Spellcasting
  6145 | D:6      | Reached *** piety under Makhleb
  6285 | D:6      | Reached skill level 8 in Ice Magic
  6531 | D:6      | Learned a level 4 spell: Summon Ice Beast
  6776 | D:6      | Reached XP level 9. HP: 62/62 MP: 16/16
  6784 | D:6      | Learned a level 7 spell: Ozocubu's Refrigeration
  6967 | D:6      | Noticed a smoke demon
  6973 | D:6      | Incinerated by a smoke demon

Illustrated notes

Levels and vault maps discovered:
D:1:      onia_arrival_zoo_common, layout_basic, serial_shops,
          nicolae_shop_real_fake_doors, hangedman_decor_slide_cut
D:2:      layout_loops_ring, chequers_ecumenical_altar_island,
          minmay_tetromino_l2
D:3:      layout_basic, gammafunk_ghost_arena, uniq_ijyb, uniq_robin
D:4:      layout_rooms, uniq_blork_the_orc, uniq_menkaure, uniq_grinder
D:5:      layout_basic
D:6:      layout_cave_pools

Skill      XL: |  1  2  3  4  5  6  7  8 |
---------------+-------------------------+-----
Dodging        | 2 3 4 5 6 |  6.2
Spellcasting   | 2 3 4 5 |  5.6
Ice Magic      | 5 6 7 8 |  8.3
Stealth        | |  2.1

Action                     |  1- 3 |  4- 6 |  7- 9 || total
---------------------------+-------+-------+-------++-------
  Melee: Unarmed           |    23 |       |       ||    23
         Dagger            |    44 |    93 |       ||   137
         Punch             |       |     1 |     2 ||     3
         War axe           |       |       |   121 ||   121
   Cast: Freeze            |    54 |    46 |     9 ||   109
         Frozen Ramparts   |       |     5 |    11 ||    16
         Ozocubu's Armour  |       |     3 |     5 ||     8
 Invoke: Minor Destruction |       |       |    13 ||    13
         Lesser Servant of |       |       |     1 ||     1
  Evoke: Wand              |       |    15 |    36 ||    51
    Use: Scroll            |       |     6 |     1 ||     7
         Potion            |       |     1 |       ||     1
   Stab: Sleeping          |     5 |     3 |       ||     8
 Armour: Robe              |    45 |    89 |   142 ||   276
  Dodge: Dodged            |    79 |    78 |   162 ||   319

Table legend: (Time is in decaauts)
 A = Elapsed time spent in this place.
 B = Non-inter-level travel time spent in this place.
 C = Inter-level travel time spent in this place.
 D = Time resting spent in this place.
 E = Time spent auto-exploring this place.
 F = Levels seen in this place.
 G = Mean time per level.
                   A        B        C        D        E       F      G
               +--------+--------+--------+--------+--------+-----+--------+
         Total |   7044 |   6824 |    220 |    291 |   5027 |   6 | 1174.0 |
       Dungeon |   7044 |   6824 |    220 |    291 |   5027 |   6 | 1174.0 |
               +--------+--------+--------+--------+--------+-----+--------+

Top non-repeatable levels by time:
     D:5: 1618 daAuts
     D:1: 1309 daAuts
     D:3: 1120 daAuts
     D:4: 1065 daAuts
     D:6: 981 daAuts
     D:2: 949 daAuts
